 Dungeon Crawl Stone Soup version 0.18.1-5-g4a78601 (webtiles) character file.

123 Mefis the Magician (level 4, -1/24 HPs)
             Began as a Deep Elf Wizard on May 15, 2016.
             Slain by a giant frog skeleton (4 damage)
             ... on level 4 of the Dungeon.
             The game lasted 00:04:12 (2267 turns).

Mefis the Magician (Deep Elf Wizard)                Turns: 2267, Time: 00:04:13

Health: -1/24      AC:  2    Str:  4    XL:     4   Next: 80%
Magic:  3/13       EV: 13    Int: 24    God:
Gold:   119        SH:  0    Dex: 13    Spells: 5 memorised, 3 levels left

rFire  . . .     SeeInvis .     (no weapon)
rCold  . . .     Gourm    .     a - +0 robe
rNeg   . . .     Faith    .     (no shield)
rPois  .         Spirit   .     b - +0 hat
rElec  .         Dismiss  .     (no cloak)
rCorr  .         Reflect  .     (no gloves)
SustAt .         Harm     .     (no boots)
MR     .....                    (no amulet)
Stlth  ++........               (no ring)
                                (no ring)

@: not resistant to hostile enchantments, unstealthy
A: no striking features
a: no special abilities


You were on level 4 of the Dungeon.
You were near starving.

You visited 1 branch of the dungeon, and saw 3 of its levels.

You collected 119 gold pieces.

Inventory:

Missiles
 h - 65 arrows
Armour
 a - a +0 robe (worn)
 b - a +0 hat (worn)
Jewellery
 o - an uncursed amulet of guardian spirit
 t - an uncursed ring of sustain attributes {unknown}
 u - a +2 ring of slaying {unknown}
Scrolls
 e - a scroll of fear {unknown}
 g - a scroll of random uselessness {unknown}
 j - 2 scrolls of amnesia {unknown}
 l - a scroll of recharging {unknown}
 m - a scroll of magic mapping {unknown}
 n - a scroll of identify {unknown}
 p - a scroll of blinking {unknown}
 q - a scroll of noise {unknown}
 r - 3 scrolls of remove curse {unknown}
 s - a scroll of teleportation {unknown}
Potions
 f - a potion of magic {unknown}
 i - 2 potions of mutation {unknown}
 k - 2 potions of heal wounds {unknown}
Books
 c - a book of Minor Magic

   Spells                             Type                      Level
   a - Magic Dart                     Conjuration                  1
   b - Blink                          Translocation                2
   c - Call Imp                       Summoning                    2
   d - Repel Missiles                 Charms/Air                   2
   e - Slow                           Hexes                        2
   f - Conjure Flame                  Conjuration/Fire             3
   g - Mephitic Cloud                 Conjuration/Poison/Air       3
Comestibles
 d - 2 bread rations


   Skills:
 + Level 3.2 Dodging
 + Level 3.7 Stealth
 + Level 5.0 Spellcasting
 * Level 2.9 Conjurations
 + Level 1.8 Summonings
 - Level 1.1 Translocations
 + Level 0.9 Poison Magic


You had 3 spell levels left.
You knew the following spells:

 Your Spells              Type           Power        Failure   Level  Hunger
a - Magic Dart            Conj           ###.         2%          1    None
b - Call Imp              Summ           ##......     8%          2    None
c - Blink                 Tloc           N/A          12%         2    None
d - Repel Missiles        Chrm/Air       #.....       14%         2    None
e - Mephitic Cloud        Conj/Pois/Air  ##......     17%         3    ##.....


Dungeon Overview and Level Annotations

Branches:
Dungeon (4/15)
 Temple: D:4-7

Altars:
Pakellas
Trog

Annotations:
D:4 1 exclusion


Message History

The giant frog skeleton closely misses you.
The giant frog skeleton completely misses you.
The giant frog skeleton hits you.
* * * LOW HITPOINT WARNING * * *
Casting: Magic Dart
Confirm with . or Enter, or press ? or * to list all spells.
A beastly little devil appears in a puff of flame.
The giant frog skeleton misses you.
You swap places.
The giant frog skeleton closely misses your crimson imp. x2
Your crimson imp completely misses the giant frog skeleton.
The giant frog skeleton closely misses your crimson imp.
Your crimson imp hits the giant frog skeleton.
The giant frog skeleton barely misses your crimson imp.
Your crimson imp blinks!
Your magical contamination has completely faded away.
The giant frog skeleton barely misses you.
Found a glowing sapphire potion.
The giant frog skeleton hits you.
You die...

###### ####### .....#
##.....#########
####.####.##.#.......!..
..........##...Z@.......
####..###.###.#########.
####..........#
..............## #. .....
...............#####.#
....#
.###..######.........##...#
.# #..# #...######.....#
.###..### ##.......#.....#
........# #######.#.....#


You could see a giant frog skeleton.

Vanquished Creatures
  An orc priest (D:4)
  2 centaur skeletons (D:4)
  A gnoll (D:1)
  A worm (D:2)
  2 orcs (D:4)
  2 ball pythons (D:1)
  2 giant cockroaches
  4 goblins (D:1)
  3 hobgoblins
  3 jackals (D:1)
  A quokka (D:4)
  5 bats
  A giant newt (D:1)
  6 kobolds
  A rat (D:2)
35 creatures vanquished.

Vanquished Creatures (others)
  A troll (D:4)
1 creature vanquished.

Grand Total: 36 creatures vanquished

Notes
Turn   | Place    | Note
--------------------------------------------------------------
     0 | D:1      | Mefis the Deep Elf Wizard began the quest for the Orb.
     0 | D:1      | Reached XP level 1. HP: 10/10 MP: 7/7
   369 | D:1      | Reached XP level 2. HP: 15/15 MP: 4/9
   415 | D:1      | Learned a level 2 spell: Call Imp
   418 | D:1      | Learned a level 2 spell: Blink
   421 | D:1      | Learned a level 2 spell: Repel Missiles
   932 | D:1      | Reached XP level 3. HP: 19/19 MP: 0/11
  1249 | D:1      | Learned a level 3 spell: Mephitic Cloud
  1632 | D:2      | Found a bloodstained altar of Trog.
  1870 | D:2      | You fall through a shaft for 2 floors!
  1926 | D:4      | Reached XP level 4. HP: 24/24 MP: 3/12
  2026 | D:4      | Reached skill level 5 in Spellcasting
  2226 | D:4      | Found an oddly glowing altar of Pakellas.
  2226 | D:4      | Noticed an orange crystal statue
  2227 | D:4      | Noticed a troll
  2235 | D:4      | Noticed an ogre
  2243 | D:4      | Killed a troll
  2246 | D:4      | HP: 1/24 [giant frog skeleton (6)]
  2267 | D:4      | Slain by a giant frog skeleton

Skill      XL: |  1  2  3  4 |
---------------+-------------+-----
Stealth        | 3 |  3.7
Conjurations   | 2 |  2.9
Dodging        | 3 |  3.2
Spellcasting   | 5 |  5.0
Summonings     | |  1.8
Translocations | |  1.1
Poison Magic   | |  0.9

Action                   |  1- 3 |  4- 6 || total
-------------------------+-------+-------++-------
Melee: Unarmed           |    16 |       ||    16
 Cast: Magic Dart        |    74 |    22 ||    96
       Mephitic Cloud    |       |     1 ||     1
       Blink             |       |     1 ||     1
       Call Imp          |       |     1 ||     1
  Eat: Chunk             |     2 |       ||     2
Armor: Robe              |     1 |     2 ||     3
Dodge: Dodged            |    23 |    12 ||    35
